 Dungeon Crawl Stone Soup version 0.18-a0-1347-gb9e2fb4 (webtiles) character file.

85 Oddball22 the Cutter (level 4, 0/30 HPs)
             Began as a High Elf Skald on Feb 17, 2016.
             Slain by an orc wizard
             ... wielding a +0 dagger
              (3 damage)
             ... on level 3 of the Dungeon.
             The game lasted 00:05:19 (2450 turns).

Oddball22 the Cutter (High Elf Skald)               Turns: 2450, Time: 00:05:19

Health: 0/30       AC:  6    Str: 11    XL:     4   Next: 25%
Magic:  8/8        EV: 15    Int: 16    God:
Gold:   119        SH:  0    Dex: 15    Spells: 1 memorised, 6 levels left

rFire  . . .     SeeInvis .     f - +0 short sword (venom)
rCold  . . .     Gourm    .     b - +0 leather armour
rNeg   . . .     Faith    .     (no shield)
rPois  .         Spirit   .     j - +2 helmet
rElec  .         Dismiss  .     (no cloak)
rCorr  .         Reflect  .     (no gloves)
SustAt .         Harm     .     (no boots)
MR     .....                    (no amulet)
Stlth  +.........               (no ring)
                                k - +3 ring of evasion

@: not resistant to hostile enchantments, very unstealthy
A: no striking features
a: no special abilities


You were on level 3 of the Dungeon.
You were not hungry.

You visited 1 branch of the dungeon, and saw 3 of its levels.

You collected 119 gold pieces.

Inventory:

Hand Weapons
 a - a +0 short sword
 f - a +0 short sword of venom (weapon)
Armour
 b - a +0 leather armour (worn)
 j - a +2 helmet (worn)
Jewellery
 k - a +3 ring of evasion (left hand)
Scrolls
 n - a scroll of blinking {unknown}
Potions
 e - a potion of curing
 h - a potion of cancellation {unknown}
 i - a potion of mutation {unknown}
 m - a potion of resistance {unknown}
Books
 c - a book of Battle

   Spells                             Type                      Level
   a - Infusion                       Charms                       1
   b - Shroud of Golubria             Charms/Translocation         2
   c - Song of Slaying                Charms                       2
   d - Spectral Weapon                Hexes/Charms                 3
   e - Regeneration                   Charms/Necromancy            3
Comestibles
 d - 4 bread rations
 g - a beef jerky
 l - 4 chunks of flesh


   Skills:
 + Level 2.9 Fighting
 * Level 4.1 Short Blades
 - Level 0.8 Armour
 + Level 2.3 Dodging
 - Level 2.4 Spellcasting
 - Level 3.6 Charms


You had 6 spell levels left.
You knew the following spells:

 Your Spells              Type           Power        Failure   Level  Hunger
a - Infusion              Chrm           ##..         8%          1    #......


Dungeon Overview and Level Annotations

Branches:
Dungeon (3/15)

Altars:
Elyvilon
Nemelex Xobeh
Pakellas


Message History

The orc wizard hits you but does no damage.
You closely miss the orc wizard.
The orc wizard hits you but does no damage.
You barely miss the orc wizard. The orc wizard casts a spell at you.
The puff of flame hits you!
* * * LOW HITPOINT WARNING * * *
You hit the orc wizard but do no damage.
The orc wizard hits you with a dagger.
* * * LOW HITPOINT WARNING * * *
Some of the chunks of flesh in your inventory have rotted away.
You miss the orc wizard. You barely miss the orc wizard.
The orc wizard casts a spell at you. The puff of flame hits you!
* * * LOW HITPOINT WARNING * * *
You closely miss the orc wizard. The orc wizard barely misses you.
You hit the orc wizard but do no damage.
The orc wizard is poisoned.
The orc wizard hits you with a dagger.
You die...

##.## .. #...# ##
#.♣.# #...# ##.## #.#
##### ##.##
#####..)###...###...
#.....♣@...._.....♣
#o###.o)###...###...#
##### ##.## ## #.#
#.# ... .♣. . .#


You could see an orc wizard.

Vanquished Creatures
  2 adders (D:2)
  An ooze (D:3)
  4 orcs (D:3)
  4 bats
  4 giant cockroaches
  6 hobgoblins
  9 jackals
  A quokka (D:2)
  A ball python (D:1)
  6 giant newts
  6 goblins
  5 kobolds
  8 rats
57 creatures vanquished.

Notes
Turn   | Place    | Note
--------------------------------------------------------------
     0 | D:1      | Oddball22 the High Elf Skald began the quest for the Orb.
     0 | D:1      | Reached XP level 1. HP: 14/14 MP: 4/4
   210 | D:1      | Reached XP level 2. HP: 17/19 MP: 3/6
   768 | D:2      | Reached XP level 3. HP: 21/25 MP: 2/7
   944 | D:2      | Found a sparkling altar of Nemelex Xobeh.
  1544 | D:2      | Found an oddly glowing altar of Pakellas.
  2213 | D:3      | Reached XP level 4. HP: 30/30 MP: 8/8
  2216 | D:3      | Reached skill level 4 in Short Blades
  2318 | D:3      | Found a white marble altar of Elyvilon.
  2450 | D:3      | Slain by an orc wizard

Vault maps used:
D:1:      tarquinn_simple_flora_water_f
D:2:      grunt_pakellas_salt, grunt_ministairs_14, roderic_serpentine_path,
          nemelex_diamond_rough_becter
D:3:      grunt_gozag_breadcrumbs, elyvilon_altar_1, first_bread, uniq_iyjb

Action                   |  1- 3 |  4- 6 || total
-------------------------+-------+-------++-------
Melee: Short sword       |   157 |    37 ||   194
 Cast: Infusion          |     4 |     1 ||     5
  Use: Potion            |       |     1 ||     1
 Stab: Sleeping          |     2 |       ||     2
  Eat: Chunk             |     4 |     1 ||     5
